AoeStats
← O grande

Arabia

509945331Analyzed
1v1 RM · 2d ago on Sep 28, 2026· 47m 51s· 2 players
Game mode
Random Map
Map size
Tiny (2 player)
Population
200
Speed
Normal
Resources
Standard
Victory
Conquest
Starting age
Dark Age
Ending age
Imperial Age
RankedLock teamsTeams togetherTeam positionsShared explorationLock speedFull tech treeHidden civsTurbo modeCheats
Victory
Defeat
🇧🇷 Tatars · Brazil
2060
+9
🇦🇷 Persians · Argentina
1909
-9
O grande
6:29 Loom
9:08 Feudal Age
9:39 Double-Bit Axe
15:08 Horse Collar
16:46 Fletching
22:22 Castle Age
22:06 Scale Barding Armor
22:12 Bloodlines
22:15 Gold Mining
24:55 Chain Barding Armor
28:22 Wheelbarrow
29:02 Forging
38:03 Imperial Age
35:43 Town Watch
36:51 Heavy Plow
37:38 Bow Saw
38:07 Gold Shaft Mining
37:23 Stone Mining
38:48 Hand Cart
39:29 Bodkin Arrow
40:30 Bracer
40:52 Padded Archer Armor
41:23 Ballistics
42:07 Chemistry
42:16 Husbandry
41:36 Light Cavalry
42:37 Town Patrol
42:59 Leather Archer Armor
44:02 Crop Rotation
44:33 Ring Archer Armor
43:34 Heavy Cavalry Archer
44:53 Hussar
Marthyn
6:01 Loom
8:13 Feudal Age
8:38 Double-Bit Axe
9:12 Horse Collar
16:28 Wheelbarrow
20:01 Castle Age
18:40 Padded Archer Armor
18:45 Fletching
20:32 Bodkin Arrow
20:50 Bow Saw
23:00 Elite Skirmisher
33:38 Bloodlines
37:43 Town Watch
43:05 Imperial Age
42:31 Scale Barding Armor
42:51 Ballistics
42:59 Hand Cart
42:36 Light Cavalry
44:45 Chain Barding Armor
44:51 Leather Archer Armor
46:08 Conscription
Connection lost

Rejoining the realm…

Still unreachable

The connection could not be restored.

Session expired

The server has moved on; the page needs a fresh start.